[Event "Team 45 45 League T29"]
[Site "Free Internet Chess Server"]
[Date "2006.01.28"]
[Round "6"]
[White "DreadPirateJosh"]
[Black "RedPimpernel"]
[Result "1-0"]
[WhiteElo "1671"]
[BlackElo "1555"]
[TimeControl "2700+45"]

1. c4 Nf6 2. Nc3 g6 3. g3 d6 4. Bg2 Bg7 5. Nf3 O-O 6. O-O e5 7. e4 Re8 8. d3 b6 9. Bg5 Nbd7 10. Qd2 c6 11. b4 Bb7 12. b5 a6 13. bxc6 Bxc6 14. Rab1 Qc7 15. Nd5 Nxd5 16. exd5 Bb7 17. Bh6 Nf6 18. Rfe1 e4 19. Bxg7 Kxg7 20. dxe4 Rxe4 21. Rxe4 Nxe4 22. Qd4+ Nf6 23. Qxb6 Qxb6 24. Rxb6 Bc8 25. Rxd6 Rb8 26. h3 Rb1+ 27. Kh2 Ne4 28. Rc6 Bd7 29. Rxa6 Nxf2 30. g4 Rb2 31. c5 Nd1 32. Ra3 Nf2 33. c6 Bc8 34. Ra8 Bxg4 35. hxg4 Nxg4+ 36. Kg3 h5 37. c7 Ne3 38. c8=Q Rxg2+ 39. Kf4 Nxd5+ 40. Ke5 Re2+ 41. Kxd5   {Black resigns} 1-0

[Event "Team 45 45 League T29"]
[Site "Free Internet Chess Server"]
[Date "2006.01.28"]
[Round "6"]
[White "tjraczko"]
[Black "twotowers"]
[Result "0-1"]
[WhiteElo "1508"]
[BlackElo "1630"]
[TimeControl "2700+45"]

1. e4 d6 2. d4 Nf6 3. Nc3 g6 4. f4 Bg7 5. Nf3 O-O 6. Bd3 Nc6 7. e5 Ne8 8. O-O Bg4 9. Be2 dxe5 10. fxe5 Bxf3 11. Bxf3 Qxd4+ 12. Qxd4 Nxd4 13. Bxb7 Rb8 14. Be4 Bxe5 15. Rb1 Nd6 16. Bd3 e6 17. Be3 c5 18. b3 Nxc2 19. Bxc2 Bxc3 20. Bxc5 Rfd8 21. Rbd1 Nb5 22. Bd3 Bd4+ 23. Bxd4 Nxd4 24. Rc1 Rbc8 25. Bc4 Rc7 26. Rcd1 Rcd7 27. Rc1 Kg7 28. Kf2 Nf5 29. Be2 Rd2 30. Rfd1 Kf6 31. Ke1 Rxd1+ 32. Bxd1 Rd7 33. Bf3 Nd4 34. Be4 Ke5 35. Bb1 Kd6 36. Rd1 e5 37. Kf2 Rc7 38. b4 f5 39. a3 Rc3 40. a4 Ra3 41. a5 Rb3 42. Ba2 Rb2+   {White resigns} 0-1

[Event "Team 45 45 League T29"]
[Site "Free Internet Chess Server"]
[Date "2006.01.26"]
[Round "6"]
[White "TStrobaugh"]
[Black "couv"]
[Result "1-0"]
[WhiteElo "1528"]
[BlackElo "1505"]
[TimeControl "2700+45"]

1. e4 e6 2. Bb5 c6 3. Bc4 d5 4. exd5 cxd5 5. Bb5+ Nc6 6. Nf3 a6 7. Ba4 b5 8. Bb3 Nf6 9. O-O Bd6 10. d3 O-O 11. Bg5 h6 12. Bh4 Be7 13. Nbd2 Qc7 14. Bg3 Bd6 15. Bh4 Ng4 16. h3 Nge5 17. d4 Nxf3+ 18. Nxf3 Ne7 19. Bxe7 Qxe7 20. c3 Bb7 21. Bc2 Rac8 22. Qd3 g6 23. Qe3 Kg7 24. Ne5 Bxe5 25. Qxe5+ f6 26. Qg3 g5 27. h4 Qc7 28. Qg4 Qf7 29. h5 b4 30. Bg6 Qd7 31. Rac1 f5 32. Qe2 Qa4 33. Qe5+ Rf6 34. cxb4 Qxb4 35. Rxc8 Bxc8 36. Qc7+ Kg8 37. Qxc8+ Rf8 38. Qxe6+ Kg7 39. Qxd5 Qd2 40. Qd7+ Kg8 41. Qh7#   {Black checkmated} 1-0

[Event "Team 45 45 League T29"]
[Site "Free Internet Chess Server"]
[Date "PST.02.0"]
[Round "6"]
[White "Lamtarra"]
[Black "clarinetref"]
[Result "0-1"]
[WhiteElo "1570"]
[BlackElo "1570"]
[TimeControl "2700+45"]

1. e4 c5 2. Nf3 Nc6 3. d3 g6 4. g3 Bg7 5. Bg2 d6 6. O-O Nf6 7. Re1 O-O 8. Nbd2 b5 9. Nf1 Rb8 10. Bd2 Nd7 11. Rb1 Bb7 12. Qc1 Re8 13. Bh6 Bh8 14. c3 Nce5 15. Nxe5 Nxe5 16. Qd2 Ng4 17. Be3 Nxe3 18. Nxe3 a5 19. d4 cxd4 20. cxd4 Qb6 21. Rbd1 e6 22. Ng4 Bg7 23. e5 Bxg2 24. Kxg2 dxe5 25. dxe5 Red8 26. Qe2 Rxd1 27. Rxd1 Qb7+ 28. f3 Qe7 29. Qe4 h5 30. Ne3 Qc7 31. f4 Qb7 32. Qxb7 Rxb7 33. Nc2 Bf8 34. Rd8 Kg7 35. Rd2 Bc5 36. a3 b4 37. a4 b3 38. Na1 Rb4 39. Rd3 Rxa4 40. Nxb3 Bb6 41. Kf3 Rb4 42. Ke2 a4 43. Nc1 Rxb2+ 44. Rd2 a3 45. Kd1 Be3 46. Rc2 Bg1 47. h3 Be3 48. Na2 Rb1+ 49. Nc1 Bxc1 50. Rxc1 a2 51. Kc2 Rxc1+ 52. Kxc1 a1=Q+   {White resigns} 0-1

[Event "Team 45 45 League T29"]
[Site "Free Internet Chess Server"]
[Date "2006.01.27"]
[Round "6"]
[White "OldFlyer"]
[Black "reijo"]
[Result "1-0"]
[WhiteElo "1545"]
[BlackElo "1540"]
[TimeControl "2700+45"]

1. d4 d5 2. Bf4 Nf6 3. Nf3 c6 4. e3 Nbd7 5. Nbd2 e6 6. c3 b6 7. Bd3 Bb7 8. O-O Be7 9. Re1 O-O 10. h3 Rc8 11. e4 dxe4 12. Nxe4 Nxe4 13. Bxe4 Nf6 14. Bd3 c5 15. Be3 Nd5 16. Bd2 cxd4 17. Nxd4 Nf6 18. Qc2 Bc5 19. Nb3 Qd5 20. Bf1 Be7 21. Rad1 Ba8 22. Bf4 Qb7 23. Nd4 Ne4 24. Be3 Rfd8 25. Nf3 Nf6 26. Qa4 Qc7 27. Be2 Nd5 28. Bg5 Bxg5 29. Nxg5 Nf4 30. Bf1 h6 31. Ne4 Rxd1 32. Rxd1 Qc6 33. Nf6+ gxf6 34. Qxf4 Kg7 35. Rd3 Rg8 36. Rg3+ Kh7 37. Rxg8 Kxg8 38. Qxf6 e5 39. Qxe5 Qd7 40. Qb8+   {Black resigns} 1-0

[Event "Team 45 45 League T29"]
[Site "Free Internet Chess Server"]
[Date "2006.01.28"]
[Round "6"]
[White "SandiaF"]
[Black "rgadoury"]
[Result "1-0"]
[WhiteElo "1449"]
[BlackElo "1435"]
[TimeControl "2700+45"]

1. d4 d5 2. Nf3 Nc6 3. e3 Nf6 4. c4 dxc4 5. Bxc4 e6 6. Nc3 Be7 7. e4 Bb4 8. O-O Bxc3 9. bxc3 Nxe4 10. Bb2 Nf6 11. Ba3 Ne7 12. Ne5 O-O 13. Rb1 Nfd5 14. Qf3 f6 15. Ng4 Rf7 16. Qg3 Nf5 17. Qh3 c6 18. g3 b5 19. Be2 Nxc3 20. Rb2 Nxe2+ 21. Rxe2 Nxd4 22. Re3 Qb6 23. Rd1 Nc2 24. Red3 Bd7 25. Rxd7 Rxd7 26. Nxf6+ gxf6 27. Qxe6+ Rf7 28. Rd7 c5 29. Qxf7+ Kh8 30. Qxh7#   {Black checkmated} 1-0

[Event "Team 45 45 League T29"]
[Site "Free Internet Chess Server"]
[Date "2006.01.30"]
[Round "6"]
[White "Kamalleo"]
[Black "EyeAm"]
[Result "0-1"]
[WhiteElo "1282"]
[BlackElo "1406"]
[TimeControl "2700+45"]

1. d4 f5 2. c4 Nf6 3. Nc3 e6 4. e3 Bb4 5. Bd3 b6 6. Nf3 Bb7 7. O-O O-O 8. Re1 c5 9. Bd2 cxd4 10. Nb5 Bxd2 11. Qxd2 dxe3 12. Qxe3 Na6 13. a3 Nc5 14. Bc2 Be4 15. Rac1 Bxc2 16. Rxc2 Nce4 17. Rcc1 a6 18. Nbd4 Ng4 19. Qe2 Ngxf2 20. Qc2 Rc8 21. Qa4 Nd3 22. Rcd1 Nxe1 23. Nxe6 Nxf3+ 24. Kf1 Nxh2+ 25. Kg1 Qh4 26. Nxf8 Nf3+ 27. gxf3 Qf2+ 28. Kh1 Ng3#   {White checkmated} 0-1

[Event "Team 45 45 League T29"]
[Site "Free Internet Chess Server"]
[Date "2006.01.28"]
[Round "6"]
[White "jerryrab"]
[Black "blkmagic"]
[Result "0-1"]
[WhiteElo "1359"]
[BlackElo "1092"]
[TimeControl "2700+45"]

1. f4 d5 2. h3 c5 3. Nf3 Nf6 4. d4 cxd4 5. Nxd4 Nc6 6. e3 Ne4 7. Bb5 Bd7 8. O-O e6 9. Qf3 Bc5 10. c3 a6 11. Bd3 f5 12. Nb3 Qb6 13. Qh5+ g6 14. Qh6 Bxe3+ 15. Bxe3 Qxe3+ 16. Kh2 Qg3+ 17. Kg1 Qxd3 18. Qg7 O-O-O 19. Na3 Qe3+ 20. Rf2 Qxf2+ 21. Kh1 Qxb2 22. Nb1 d4 23. cxd4 Nb4 24. Qe5 Bc6 25. Qxe6+ Rd7 26. Qe5 Ng3+ 27. Kh2 Qxg2#   {White checkmated} 0-1

[Event "Team 45 45 League T29"]
[Site "Free Internet Chess Server"]
[Date "2006.01.26"]
[Round "6"]
[White "wekabird"]
[Black "redback"]
[Result "1-0"]
[WhiteElo "1455"]
[BlackElo "1436"]
[TimeControl "2700+45"]

1. c4 Nf6 2. Nc3 e6 3. a3 Nc6 4. Nf3 h6 5. h3 Be7 6. g3 d6 7. Bg2 Bd7 8. O-O e5 9. e4 Be6 10. b3 Qd7 11. d4 Bxh3 12. dxe5 Bxg2 13. Kxg2 Ng4 14. exd6 Bxd6 15. Rh1 Qe6 16. Nh4 O-O-O 17. Qf3 g6 18. Bb2 Nce5 19. Qe2 Bc5 20. Raf1 Nd3 21. f3 Ne3+ 22. Kh2 Nxf1+ 23. Rxf1 Nxb2 24. Qxb2 Rd3 25. Nd5 Qd6 26. Qxh8+ Kd7 27. Nf6+ Kc6 28. Qe8+ Kb6 29. Qb5#   {Black checkmated} 1-0

[Event "Team 45 45 League T29"]
[Site "Free Internet Chess Server"]
[Date "2006.01.27"]
[Round "6"]
[White "chesstalker"]
[Black "fidelian"]
[Result "1-0"]
[WhiteElo "1389"]
[BlackElo "1451"]
[TimeControl "2700+45"]

1. e4 e5 2. Nf3 d6 3. Bc4 c6 4. Nc3 Bg4 5. d3 h6 6. b4 Nf6 7. Bb2 Na6 8. b5 Nc5 9. bxc6 bxc6 10. a4 a5 11. Nb1 d5 12. exd5 cxd5 13. Bb5+ Bd7 14. Bxd7+ Nfxd7 15. O-O Bd6 16. Re1 f6 17. Nd4 Qb6 18. Nb5 Nxa4 19. Nxd6+ Qxd6 20. Ba3 Qc6 21. Qh5+ Kd8 22. Qf7 Nac5 23. Nc3 Rf8 24. Qxg7 d4 25. Ne4 Ne6 26. Qe7+ Kc7 27. Bd6+ Kc8 28. Qxe6 Re8 29. Qxe8+   {Black resigns} 1-0

[Event "Team 45 45 League T29"]
[Site "Free Internet Chess Server"]
[Date "2006.01.30"]
[Round "6"]
[White "UIPawn"]
[Black "Dreadtower"]
[Result "0-1"]
[WhiteElo "1276"]
[BlackElo "1413"]
[TimeControl "2700+45"]

1. e4 c5 2. Nc3 d6 3. Nf3 Nf6 4. d4 cxd4 5. Nxd4 a6 6. Bg5 e5 7. Nf3 Be7 8. Be2 O-O 9. O-O Be6 10. b3 Nbd7 11. Bc4 Bxc4 12. bxc4 Rc8 13. Qe2 h6 14. Bxf6 Bxf6 15. Nd5 Nb6 16. Nxb6 Qxb6 17. Rab1 Qc6 18. Nd2 Bg5 19. Nf3 f5 20. Nxg5 hxg5 21. exf5 Qxc4 22. Qxc4+ Rxc4 23. Rxb7 Rxf5 24. Rb8+ Rf8 25. Rb6 Rxc2 26. Rxa6 d5 27. h3 Rc4 28. Ra5 e4 29. Re1 Rd8 30. Ra6 Rc7 31. Rg6 Re7 32. Rxg5 d4 33. Rd1 d3 34. a4 e3 35. Rf5 e2 36. Rb1 d2 37. Rfb5 d1=Q+ 38. Kh2 Qxa4 39. R5b2 Qf4+ 40. g3 Qxf2+ 41. Kh1 Rd1+ 42. Rxd1 exd1=Q#   {White checkmated} 0-1

[Event "Team 45 45 League T29"]
[Site "Free Internet Chess Server"]
[Date "2006.01.26"]
[Round "6"]
[White "javamanissa"]
[Black "deionsandersson"]
[Result "1-0"]
[WhiteElo "1809"]
[BlackElo "1869"]
[TimeControl "2700+45"]

1. e4 g6 2. d4 d6 3. Nf3 Bg7 4. Be3 Nf6 5. Nbd2 O-O 6. Bc4 Nbd7 7. O-O e5 8. c3 h6 9. h3 Re8 10. Qb3 Qe7 11. Rfe1 a5 12. a4 Nb6 13. d5 Nxc4 14. Qxc4 Nh7 15. Nh2 f5 16. f3 f4 17. Bf2 h5 18. b4 b6 19. b5 Ra7 20. Kf1 Bf6 21. Ke2 Bh4 22. Bxh4 Qxh4 23. Rg1 Nf6 24. Qb3 g5 25. Qd1 g4 26. Qe1 Qg5 27. c4 Kf7 28. hxg4 hxg4 29. fxg4 Nxg4 30. Nhf3 Qf6 31. g3 Bd7 32. Kd3 Raa8 33. Qe2 Rg8 34. Rg2 Rg7 35. Rag1 Ne3 36. Rf2 Rag8 37. gxf4 Rxg1 38. fxe5 Qh6 39. e6+ Bxe6 40. dxe6+ Kxe6 41. Nxg1 Ng4 42. Rg2 Ne5+ 43. Kc2 Rxg2 44. Qxg2 Qe3 45. Qh3+ Ke7 46. Qxe3   {Black resigns} 1-0

[Event "Team 45 45 League T29"]
[Site "Free Internet Chess Server"]
[Date "2006.01.26"]
[Round "6"]
[White "spendius"]
[Black "RomaLavrn"]
[Result "1/2-1/2"]
[WhiteElo "1748"]
[BlackElo "1920"]
[TimeControl "2700+45"]

1. e4 c5 2. Nf3 Nc6 3. d4 cxd4 4. Nxd4 Nf6 5. Nc3 g6 6. Be3 Bg7 7. Bc4 O-O 8. Bb3 d6 9. Qd2 Bd7 10. f3 Rc8 11. O-O-O Na5 12. Kb1 Nxb3 13. axb3 a5 14. g4 Qc7 15. h4 h5 16. gxh5 Nxh5 17. Bh6 Ra8 18. Nd5 Qd8 19. Bxg7 Kxg7 20. Nf5+ Bxf5 21. exf5 e6 22. Qd4+ Kg8 23. Nb6 Ra6 24. Nc4 exf5 25. Nxd6 Qb6 26. Nxf5 gxf5 27. Rhg1+ Kh7 28. Qd7 Qe6 29. Qxb7 Rg8 30. Rge1 Qf6 31. Re7 Rg7 32. Rdd7 Qc6 33. Rxf7 Qxb7 34. Rxg7+ Nxg7 35. Rxb7 Kg6 36. b4 axb4 37. Rxb4 Kh5 38. Rf4 Ra5 39. b4 Rb5 40. c3 Ne6 41. Rc4 Nf8 42. Kb2 Ng6 43. Kb3 Nxh4 44. Ka4 Re5 45. b5 Nxf3 46. b6 Re8 47. Kb5 Ne5 48. Rc5 Kg4 49. b7 Nd7 50. Rc8 Re6 51. b8=Q Nxb8 52. Rxb8 f4 53. Rg8+ Kf5 54. c4 f3 55. Rg1 f2 56. Rf1 Re2 57. c5 Ke6 58. Kc6 Ke7 59. Kd5 Kd7 60. Kd4   {Game drawn by mutual agreement} 1/2-1/2

[Event "Team 45 45 League T29"]
[Site "Free Internet Chess Server"]
[Date "2006.01.28"]
[Round "6"]
[White "phorku"]
[Black "IChattopadhyaya"]
[Result "1/2-1/2"]
[WhiteElo "1566"]
[BlackElo "1650"]
[TimeControl "2700+45"]

1. e4 e5 2. Bc4 Nc6 3. d3 Nf6 4. Nc3 Bc5 5. Na4 Bb6 6. Nxb6 axb6 7. f4 exf4 8. Bxf4 O-O 9. Nf3 d6 10. O-O Na5 11. Bb3 Nxb3 12. axb3 Rxa1 13. Qxa1 Nh5 14. Be3 Be6 15. Qd1 Bg4 16. h3 Be6 17. Ng5 Nf6 18. Bd4 c5 19. Bxf6 gxf6 20. Nxe6 fxe6 21. Qg4+ Kf7 22. Qh5+ Kg8 23. Rf4 Kh8 24. Rh4 Qe7 25. Qe2 f5 26. Rf4 Qg5 27. Qf3   {Game drawn by mutual agreement} 1/2-1/2

[Event "Team 45 45 League T29"]
[Site "Free Internet Chess Server"]
[Date "2006.01.28"]
[Round "6"]
[White "Nemisis"]
[Black "uiknight"]
[Result "0-1"]
[WhiteElo "1943"]
[BlackElo "1980"]
[TimeControl "2700+45"]

1. d4 f5 2. Nf3 Nf6 3. Bg5 e6 4. Nbd2 d5 5. Ne5 Bd6 6. f4 O-O 7. e3 Qe8 8. Bd3 c5 9. c4 Nc6 10. Nxc6 bxc6 11. b3 Ne4 12. Bxe4 fxe4 13. O-O cxd4 14. exd4 c5 15. dxc5 Bxc5+ 16. Kh1 a5 17. a3 Ba6 18. Qc2 Rc8 19. Nxe4 dxe4 20. Qxe4 Qc6 21. Qe2 Rb8 22. Rf3 Bb7 23. Rg3 Qe4 24. Qg4 Qf5 25. Qe2 Kh8 26. Qb2 e5 27. Qxe5 Qxe5 28. fxe5 Rbe8 29. Bd2 Rxe5 30. Bc3 Re7 31. h3 Ref7 32. Rd3 Rf2 33. Rg3 Rf1+ 34. Rxf1 Rxf1+ 35. Kh2 Bg1+   {White resigns} 0-1

[Event "Team 45 45 League T29"]
[Site "Free Internet Chess Server"]
[Date "PST.02.0"]
[Round "6"]
[White "MFalme"]
[Black "vibi"]
[Result "0-1"]
[WhiteElo "1461"]
[BlackElo "1665"]
[TimeControl "2700+45"]

1. e4 c5 2. f4 Nc6 3. Nf3 d6 4. Bc4 e6 5. d4 cxd4 6. Nxd4 Be7 7. Nxc6 bxc6 8. O-O Qb6+ 9. Kh1 Ba6 10. Qd3 Bxc4 11. Qxc4 Nf6 12. Nc3 O-O 13. Rf3 d5 14. exd5 cxd5 15. Qb5 Qc7 16. Rb1 Rab8 17. Qd3 Bd6 18. Nb5 Qd7 19. Nxd6 Qxd6 20. Be3 Qc7 21. Bd4 Ne4 22. Be5 Nd6 23. c4 f6 24. Bxd6 Qxd6 25. cxd5 exd5 26. b3 Rb4 27. g3 Re4 28. Rd1 Rd8 29. Rf2 Qe6 30. Rfd2 d4 31. Qc4 Rd5 32. Rxd4 Rdxd4 33. Rxd4 Qxc4 34. Rxc4 Re1+ 35. Kg2 Re2+ 36. Kh3 Rxa2 37. g4 Ra3 38. Rb4 a5 39. Rb8+ Kf7 40. Kg2 Ra2+ 41. Kg1 Rb2 42. Ra8 Rb1+ 43. Kg2 Rb2+ 44. Kg1 Rb1+ 45. Kg2 Rb2+ 46. Kf1 Rxb3 47. Rxa5 Rf3+ 48. Kg2 Rxf4 49. h3 g5 50. Kg3 Rb4 51. Ra3 Rb1 52. Rf3 Kg6 53. Re3 h5 54. gxh5+ Kxh5 55. Re8 Rb3+ 56. Kg2 Kg6 57. Re2 f5 58. Re6+ Kh5 59. Re8 Kg6 60. Rg8+ Kf6 61. Rh8 Kg7 62. Re8 f4 63. Re5 Kf6 64. Rc5 Rg3+ 65. Kh2 Kg6 66. Rd5 Kh5 67. Rd8 Kg6 68. Rd4 Rf3 69. Kg2 Rg3+ 70. Kh2 Kf5 71. Ra4 Kg6 72. h4 Kh5 73. hxg5 Kxg5 74. Ra8 Kg4 75. Ra4 Kf3 76. Ra1 Rg2+ 77. Kh1 Kg3 78. Rf1 Rh2+ 79. Kg1 Rg2+ 80. Kh1 Rh2+ 81. Kg1 Rg2+ 82. Kh1 f3 83. Ra1 Rh2+ 84. Kg1 f2+   {White resigns} 0-1

[Event "Team 45 45 League T29"]
[Site "Free Internet Chess Server"]
[Date "2006.01.27"]
[Round "6"]
[White "MStav"]
[Black "ccucina"]
[Result "0-1"]
[WhiteElo "1663"]
[BlackElo "1702"]
[TimeControl "2700+45"]

1. d4 f5 2. g3 Nf6 3. Nc3 e6 4. Bg2 Bb4 5. Bd2 O-O 6. e3 d5 7. Nf3 b6 8. Ne5 Ba6 9. Ne2 Bxd2+ 10. Qxd2 Nbd7 11. Nf4 Qe8 12. Nfd3 Nxe5 13. Nxe5 c5 14. O-O-O Qa4 15. Kb1 Ne4 16. Bxe4 fxe4 17. h4 Rac8 18. b3 Qa3 19. Rh2 c4 20. Qc1 Qa5 21. Qd2 cxb3 22. axb3 Rc3 23. Kb2 Rfc8 24. Nc4 R8xc4 25. bxc4 Qa3+ 26. Kb1 Bxc4 27. Qxc3 Ba2+ 28. Ka1 Qxc3+ 29. Kxa2 Qxc2+   {White resigns} 0-1

[Event "Team 45 45 League T29"]
[Site "Free Internet Chess Server"]
[Date "2006.01.27"]
[Round "6"]
[White "sixkiller"]
[Black "twinders"]
[Result "1-0"]
[WhiteElo "1591"]
[BlackElo "1715"]
[TimeControl "2700+45"]

1. e4 c5 2. Nf3 d6 3. d4 cxd4 4. Qxd4 a6 5. c4 Nc6 6. Qd2 Nf6 7. Nc3 Bg4 8. Be2 Qb6 9. O-O g6 10. b3 Bg7 11. Bb2 O-O 12. Rfd1 Rfd8 13. h3 Bxf3 14. Bxf3 Ne5 15. Be2 Ned7 16. Nd5 Qa7 17. Nxe7+ Kh8 18. Bd4 Nxe4 19. Bxg7+ Kxg7 20. Qd4+ Ndf6 21. Bf3 Nc5 22. Nd5 Ne6 23. Qxf6+ Kg8 24. Ne7+ Kf8 25. Bd5 Rd7 26. Bxe6 Rxe7 27. Qh8#   {Black checkmated} 1-0

[Event "Team 45 45 League T29"]
[Site "Free Internet Chess Server"]
[Date "2006.01.26"]
[Round "6"]
[White "aacevedo"]
[Black "Sportsmen"]
[Result "1/2-1/2"]
[WhiteElo "2111"]
[BlackElo "2219"]
[TimeControl "2700+45"]

1. d4 f5 2. g3 g6 3. Bg2 Nf6 4. Nf3 Bg7 5. O-O O-O 6. c4 d6 7. Nc3 Nc6 8. d5 Ne5 9. Nxe5 dxe5 10. e4 f4 11. gxf4 exf4 12. e5 Ng4 13. e6 Ne5 14. Re1 Nxc4 15. Re4 f3 16. Bxf3 Nd6 17. Rg4 c6 18. Bg5 cxd5 19. Nxd5 Nf5 20. Nxe7+ Nxe7 21. Qxd8 Rxd8 22. Bxe7 Re8 23. Ba3 Bxe6 24. Re4 Bf7 25. Rxe8+ Rxe8 26. Bxb7 Rb8 27. Bf3 Bxb2 28. Rb1 Be5 29. Re1 Bd4 30. Rd1 Bb6 31. Bd5 Rc8 32. Bxf7+ Kxf7 33. Rd2 Kf6 34. Kg2 Kf5 35. Re2 g5 36. Bd6 Bd4 37. h3 h5 38. Ba3 Rc4 39. Bb2 Bb6 40. Bg7 Bc7 41. Bf8 Be5 42. Be7 Bf4 43. Bd8 Rc8 44. Ba5 Be5 45. Be1 Rc5 46. Bb4 Rb5 47. Be7 a5 48. a4 Rd5 49. Rc2 Rd7 50. Bf8 Rd8 51. Ba3 Rd3 52. Bc1 Bc3 53. Be3 Bb4 54. Bb6 Ke5 55. Be3 g4 56. hxg4 hxg4 57. Rc4 Ra3 58. Bb6 g3 59. Bxa5 Bxa5 60. Rc5+ Kf4 61. Rxa5 Ra2 62. Ra8 Rxf2+ 63. Kg1   {Game drawn by mutual agreement} 1/2-1/2

[Event "Team 45 45 League T29"]
[Site "Free Internet Chess Server"]
[Date "2006.01.28"]
[Round "6"]
[White "RussoTuristo"]
[Black "gracey"]
[Result "1/2-1/2"]
[WhiteElo "2034"]
[BlackElo "2010"]
[TimeControl "2700+45"]

1. c4 e5 2. Nc3 Bb4 3. Nd5 Bd6 4. e4 Nf6 5. d4 Nxd5 6. exd5 O-O 7. c5 Be7 8. dxe5 Bxc5 9. Nf3 d6 10. Qc2 Bb4+ 11. Bd2 Bxd2+ 12. Nxd2 dxe5 13. Bc4 Nd7 14. O-O-O Nb6 15. Qe4 Qd6 16. Rhe1 Nxc4 17. Nxc4 Qc5 18. Kb1 f6 19. Ne3 Bd7 20. g4 Qa5 21. h4 Bb5 22. Nf5 Rad8 23. f4 exf4 24. d6 g6 25. Ne7+ Kg7 26. h5 Rxd6 27. hxg6 Bd7 28. Rxd6 cxd6 29. Rh1 Rh8 30. Rxh7+ Rxh7 31. gxh7 Qg5 32. Ng6 Kxh7 33. Nf8+ Kg8 34. Nxd7 Kg7 35. Qxb7 f5 36. Qd5 Qe7 37. Qxf5 f3 38. Kc2 Qe2+ 39. Kc3 f2 40. Qf8+ Kh7 41. Qf7+ Kh8   {Game drawn by mutual agreement} 1/2-1/2

[Event "Team 45 45 League T29"]
[Site "Free Internet Chess Server"]
[Date "2006.01.29"]
[Round "6"]
[White "lodda"]
[Black "RomaLavrn"]
[Result "0-1"]
[WhiteElo "1904"]
[BlackElo "1902"]
[TimeControl "2700+45"]

1. d4 Nf6 2. c4 e6 3. Nf3 b6 4. g3 Bb7 5. Bg2 c5 6. O-O cxd4 7. Nxd4 Bxg2 8. Kxg2 a6 9. Nc3 Qc7 10. Qd3 Nc6 11. Bg5 Ne5 12. Qd1 Qxc4 13. Rc1 Qc8 14. Qb3 Qb7+ 15. Kg1 Be7 16. Na4 b5 17. Nc5 Qa7 18. Nxa6 Qxa6 19. Nxb5 O-O 20. Nc7 Qxa2 21. Qc3 Ra5 22. b4 Nf3+ 23. exf3 Rxg5 24. Ra1 Nd5 25. Qd3 Qb2 26. Rfb1 Qf6 27. Na6 Nxb4 28. Qxd7 Nxa6 29. Rxa6 Rd5 30. Qa4 Qxf3 31. Ra7   {White resigns} 0-1

[Event "Team 45 45 League T29"]
[Site "Free Internet Chess Server"]
[Date "2006.01.29"]
[Round "6"]
[White "Maras"]
[Black "sonareclipse"]
[Result "1-0"]
[WhiteElo "2128"]
[BlackElo "1965"]
[TimeControl "2700+45"]

1. d4 d5 2. c4 e6 3. Nc3 Nf6 4. Bg5 Be7 5. cxd5 exd5 6. e3 O-O 7. Bd3 Nbd7 8. Nge2 c5 9. Rc1 Re8 10. Bb5 a6 11. Bxd7 Qxd7 12. dxc5 Qg4 13. Bxf6 Bxf6 14. O-O Be6 15. Nd4 Qh4 16. Qd2 Rad8 17. b4 Bg4 18. Nce2 Re5 19. Ng3 Rg5 20. f3 Bc8 21. Qf2 Re8 22. f4 Rg6 23. Rfe1 Rh6 24. Nf3 Qg4 25. h3 Qd7 26. Qd2 Rd8 27. Rcd1 Qc7 28. Nd4 Rg6 29. Qf2 Bh4 30. Nde2 Bf5 31. Rd4 Be4 32. Red1 Re8 33. Kh2 h5 34. Rxd5 Bxd5 35. Rxd5 Bxg3+ 36. Nxg3 h4 37. Nf5 Rge6 38. Qxh4 Qc6 39. Rd8 Qe4 40. Qg5 g6 41. Rxe8+ Rxe8 42. Nd6 Qxe3 43. Nxe8 Qxe8 44. Qe5 Qb5 45. a3 Qc4 46. h4 Kh7 47. h5 gxh5 48. Qxh5+ Kg7 49. Qe5+ Kh7 50. Qh5+ Kg7 51. Qg5+ Kh7 52. f5 Qd5 53. Qf4 Kg7 54. f6+ Kg6 55. Kh3 Qh5+ 56. Qh4 Qe5 57. Qg3+ Kxf6 58. Qxe5+ Kxe5 59. Kg4 f6 60. Kh5 Kd5 61. Kg6 Ke6 62. g4   {Black resigns} 1-0

[Event "Team 45 45 League T29"]
[Site "Free Internet Chess Server"]
[Date "2006.01.30"]
[Round "6"]
[White "maeck"]
[Black "kaliyug"]
[Result "1-0"]
[WhiteElo "1949"]
[BlackElo "1923"]
[TimeControl "2700+45"]

1. d4 d5 2. Nf3 c6 3. c4 e6 4. Bg5 Nf6 5. e3 Bb4+ 6. Nbd2 Nbd7 7. Bd3 Qa5 8. a3 Bxd2+ 9. Qxd2 Qxd2+ 10. Nxd2 h6 11. Bf4 Ke7 12. c5 Ne8 13. b4 g5 14. Bg3 Ndf6 15. f3 Nh5 16. Bf2 f5 17. g3 Nef6 18. Nb3 g4 19. Be2 Rg8 20. O-O gxf3 21. Bxf3 Ng4 22. Kg2 Nhf6 23. Bg1 h5 24. h3 Nh6 25. Kh2 b6 26. Nd2 Ba6 27. Rfc1 Rac8 28. a4 Bd3 29. b5 bxc5 30. Rxc5 cxb5 31. axb5 Rxc5 32. dxc5 Bxb5 33. Rxa7+ Kf8 34. Nb3 e5 35. Na5 Rg7 36. Rxg7 Kxg7 37. c6 e4 38. c7 Bd7 39. Be2 Nf7 40. Ba6 Nd6 41. Nb7 Nfe8 42. Nxd6 Nxd6 43. Bf2 Bc8 44. Be2 Ne8 45. Bxh5 Nxc7 46. Be1 Be6 47. Bc3+ Kh6 48. Be2 Ne8 49. Be5 Kg6 50. h4 Nf6 51. Bxf6 Kxf6 52. Kg1 Bd7 53. Kf2 Kg6 54. Ke1 Ba4 55. Kd2 Bb3 56. Kc3 Ba2 57. Kd4 Kf6 58. Bb5 Ke6 59. Bc6 Kd6 60. h5   {Black resigns} 1-0

[Event "Team 45 45 League T29"]
[Site "Free Internet Chess Server"]
[Date "2006.01.29"]
[Round "6"]
[White "Doubleletter"]
[Black "CelticDeath"]
[Result "1-0"]
[WhiteElo "1855"]
[BlackElo "1776"]
[TimeControl "2700+45"]

1. e4 d5 2. exd5 Nf6 3. Nc3 Nxd5 4. Bc4 Nxc3 5. Qf3 e6 6. dxc3 Nc6 7. Bb5 Bd7 8. Bd2 Bc5 9. O-O-O Qe7 10. Ne2 e5 11. Ng3 O-O-O 12. Ne4 Bb6 13. h3 h6 14. g4 f6 15. Rhe1 Qf7 16. Kb1 h5 17. g5 f5 18. Ng3 g6 19. Ne4 Qd5 20. c4 fxe4 21. cxd5 exf3 22. dxc6 Bxc6 23. Bxc6 bxc6 24. Rxe5 Bxf2 25. Kc1 Rd6 26. Rf1 Bg3 27. Re3 Bf4 28. Rd3 Bxd2+ 29. Kxd2 Rf8 30. Rxd6 cxd6 31. Ke3 Kd7 32. b4 Ke6 33. c4 c5 34. b5 d5 35. cxd5+ Kxd5 36. a4 Kd6 37. Rd1+ Kc7 38. Kf2 Rd8 39. Rxd8 Kxd8 40. Kxf3 Kd7 41. Ke4 Ke6 42. a5 c4 43. Kd4 Kf5 44. b6 axb6 45. axb6 Kxg5 46. b7 Kh4 47. b8=Q Kxh3 48. Qg8 h4 49. Qxg6 Kh2 50. Qg4 h3 51. Kc3   {Black resigns} 1-0

[Event "Team 45 45 League T29"]
[Site "Free Internet Chess Server"]
[Date "2006.01.28"]
[Round "6"]
[White "JBFelo"]
[Black "NBZ"]
[Result "1-0"]
[WhiteElo "2022"]
[BlackElo "2005"]
[TimeControl "2700+45"]

1. d4 d5 2. c4 e6 3. Nc3 Nf6 4. Bg5 Be7 5. e3 O-O 6. Nf3 h6 7. Bh4 b6 8. cxd5 Nxd5 9. Bxe7 Qxe7 10. Nxd5 exd5 11. Be2 Be6 12. O-O c5 13. Qa4 Nd7 14. Qa3 Rfc8 15. Ba6 Rc7 16. Rac1 Nf6 17. Ne5 Nd7 18. Nd3 Nb8 19. dxc5 Nxa6 20. Qxa6 bxc5 21. Nf4 Rd8 22. Rfd1 Qd6 23. Qa3 Qb6 24. Qc3 Rcc8 25. Qe5 Qd6 26. Qxd6 Rxd6 27. Rd2 g5 28. Ne2 Rdd8 29. Rcd1 Kg7 30. Nc3 Rb8 31. b3 Rbc8 32. Nxd5 Rxd5 33. Rxd5 Bxd5 34. Rxd5 c4 35. bxc4 Rxc4 36. Kf1 Rc2 37. Ra5 Rc1+ 38. Ke2 Rc2+ 39. Kf3 Rc7 40. g4 Kg6 41. Ra6+ f6 42. a4 Rb7 43. a5 Rc7 44. Kg3 Rb7 45. h4 gxh4+ 46. Kxh4 Rh7 47. e4 h5 48. g5   {Black resigns} 1-0

[Event "Team 45 45 League T29"]
[Site "Free Internet Chess Server"]
[Date "2006.01.30"]
[Round "6"]
[White "danilosadjuto"]
[Black "purplepawns"]
[Result "1-0"]
[WhiteElo "1946"]
[BlackElo "1782"]
[TimeControl "2700+45"]

1. e4 e6 2. d4 d5 3. e5 c5 4. c3 Nc6 5. Nf3 Qb6 6. a3 cxd4 7. cxd4 Nge7 8. Nc3 a6 9. Bd3 Bd7 10. Be3 Na5 11. Na4 Bxa4 12. Qxa4+ Nac6 13. O-O Ng6 14. b4 Be7 15. Rac1 O-O 16. Rc3 Rfc8 17. Rfc1 Bd8 18. Qd1 Nge7 19. Nd2 g6 20. Nb3 Nf5 21. Bxf5 exf5 22. Qf3 Qb5 23. Nc5 Ne7 24. a4 Qc6 25. Bg5 Qb6 26. Rb3 Nc6 27. Be3 Nxb4 28. a5 Qxa5 29. Rcb1 b6 30. Nb7 Qb5 31. Nd6 Qd7 32. Nxc8 a5 33. Nd6 Be7 34. Rxb4 axb4 35. Qxd5 Ra7 36. Qxf7+ Kh8 37. Bh6 Bxd6 38. Bg7#   {Black checkmated} 1-0